 Dungeon Crawl Stone Soup version 0.20.1-1-g8b1a95d (webtiles) character file.

70 tirato the Covert (level 4, 0/22 HPs)
             Began as a Spriggan Assassin on July 19, 2017.
             Succumbed to an adder's poison
             ... on level 2 of the Dungeon.
             The game lasted 00:06:21 (1611 turns).

tirato the Covert (Spriggan Assassin)               Turns: 1611, Time: 00:06:22

Health: 0/22       AC:  3    Str:  7    XL:     4   Next: 4%
Magic:  5/5        EV: 17    Int: 12    God:
Gold:   107        SH:  0    Dex: 18    Spells: 3/3 levels left

rFire    . . .     SeeInvis +   a - +2 dagger
rCold    . . .     Gourm    .   (shield restricted)
rNeg     . . .     Faith    .   c - +0 robe
rPois    .         Spirit   .   (helmet restricted)
rElec    .         Reflect  .   d - +0 cloak
rCorr    .         Harm     .   (gloves unavailable)
MR       .....                  (boots unavailable)
Stlth    ++++......             (no amulet)
Regen    0.1/turn               (no ring)
MPRegen  0.1/turn               (no ring)

@: lethally poisoned (0 -> -1), very quick
A: unfitting armour, see invisible, herbivore 3, speed 3, slow metabolism 2
a: no special abilities


You were on level 2 of the Dungeon.
You were not hungry.

You visited 1 branch of the dungeon, and saw 2 of its levels.

You collected 107 gold pieces.

Inventory:

Hand Weapons
 a - a +2 dagger (weapon)
 b - a +0 blowgun
Missiles
 e - 8 poisoned needles
 f - 2 curare-tipped needles
Armour
 c - a +0 robe (worn)
 d - a +0 cloak (worn)
Scrolls
 h - a scroll of recharging {unknown}
 i - a scroll of identify {unknown}
 j - 2 scrolls of teleportation {unknown}
 k - 2 scrolls of remove curse {unknown}
Potions
 m - a potion of haste {unknown}
 n - a potion of cancellation {unknown}
 o - a potion of might {unknown}
Comestibles
 g - a bread ration
 l - 2 royal jellies


   Skills:
 - Level 1.6 Fighting
 - Level 2.2 Short Blades
 - Level 2.0 Throwing
 - Level 1.5 Dodging
 * Level 8.4 Stealth


You had 3 spell levels left.
You didn't know any spells.

Dungeon Overview and Level Annotations

Branches:
Dungeon (2/15)

Altars:


Innate Abilities, Weirdness & Mutations

You are very small and have problems with some larger weapons.
You are too small for most types of armour.
You have supernaturally acute eyesight. (SInv)
You are a herbivore.
You cover ground extremely quickly.
You need consume almost no food.


Message History

You hit the adder.
You kill the adder!
You have reached level 4!
There is a lethal amount of poison in your body!
There is a lethal amount of poison in your body!
There is a lethal amount of poison in your body!
There is a lethal amount of poison in your body!
There is a lethal amount of poison in your body!
There is a lethal amount of poison in your body!
There is a lethal amount of poison in your body!
There is a lethal amount of poison in your body!
There is a lethal amount of poison in your body!
There is a lethal amount of poison in your body!
There is a lethal amount of poison in your body!
There is a lethal amount of poison in your body!
j - 2 scrolls labeled HENUNW EQEG (gained 1)
* * * LOW HITPOINT WARNING * * *
You feel sick.
There is a lethal amount of poison in your body!
You die...

#..# #...........#. #..#
..#.........#. #..#
#.?.........#. #..#
............... #..#
###............ #..#
###.#####..#. #..# #.#
##.<#.
#..#########.####...#.
#....@.......)......#.
#....######.#######)####
#.#.## #.# #%# #.#. #%#
#.# # #. #)# #.#
#.#######.#######.#
#.................#
#########.#########
#).......


There were no monsters in sight!

Vanquished Creatures
  2 adders (D:2)
  An ooze (D:1)
  2 worms (D:2)
  2 dart slugs
  A leopard gecko (D:1)
  3 giant cockroaches (D:1)
  A goblin (D:2)
  6 hobgoblins
  4 jackals (D:2)
  5 kobolds
  2 ball pythons (D:2)
  3 bats
  3 frilled lizards (D:1)
  4 rats
39 creatures vanquished.

Notes
Turn   | Place    | Note
-------+----------+-------------------------------------------
     0 | D:1      | tirato the Spriggan Assassin began the quest for the Orb.
     0 | D:1      | Reached XP level 1. HP: 10/10 MP: 2/2
    14 | D:1      | Reached skill level 6 in Stealth
   250 | D:1      | Reached XP level 2. HP: 12/14 MP: 3/3
   582 | D:1      | Reached skill level 7 in Stealth
  1020 | D:1      | Reached XP level 3. HP: 17/18 MP: 4/4
  1387 | D:2      | Reached skill level 8 in Stealth
  1600 | D:2      | Reached XP level 4. HP: 2/22 MP: 5/5
  1604 | D:2      | HP: 1/22 [poisoned by an adder]
  1611 | D:2      | Succumbed to an adder's poison

Skill      XL: |  1  2  3 |
---------------+----------+-----
Stealth        | 6 7 8 |  8.4
Fighting       | |  1.6
Short Blades   | |  2.2
Throwing       | |  2.0
Dodging        | |  1.5

Action                   |  1- 3 |  4- 6 || total
-------------------------+-------+-------++-------
Melee: Dagger            |   159 |       ||   159
 Stab: Sleeping          |     8 |       ||     8
Armor: Robe              |    18 |       ||    18
Dodge: Dodged            |    93 |       ||    93
